 Dungeon Crawl Stone Soup version 0.23-a0-726-g9fa1570 (webtiles) character file.

388 HungryMoth the Digger (level 7, 0/46 HPs)
             Began as a Formicid Earth Elementalist on Jan 17, 2019.
             Was an Initiate of Sif Muna.
             Slain by a slave (7 damage)
             ... led by Pikel
             ... on level 4 of the Dungeon.
             The game lasted 00:20:24 (3819 turns).

HungryMoth the Digger (Formicid Earth Elementalist) Turns: 3819, Time: 00:20:24

Health: 0/46       AC:  4    Str: 13    XL:     7   Next: 7%
Magic:  4/14       EV: 12    Int: 16    God:    Sif Muna [......]
Gold:   225        SH:  0    Dex: 11    Spells: 1/16 levels left

rFire    x . .     SeeInvis +   u - staff of wizardry
rCold    + . .     Gourm    .   (no shield)
rNeg     . . .     Faith    .   c - +0 robe
rPois    .         Spirit   .   (helmet unavailable)
rElec    .         Reflect  .   (no cloak)
rCorr    .         Harm     .   w - +1 pair of gloves
MR       .....                  (no boots)
Stlth    ++........             (no amulet)
HPRegen  0.15/turn              v - ring of ice
MPRegen  0.14/turn              (no ring)

@: no status effects
A: permanent stasis, dig shafts and tunnels, four strong arms, antennae 3
a: Dig, Shaft Self, Renounce Religion


You were on level 4 of the Dungeon.
You worshipped Sif Muna.
Sif Muna was noncommittal.
You were not hungry.

You visited 2 branches of the dungeon, and saw 5 of its levels.

You collected 225 gold pieces.

Inventory:

Hand Weapons
 y - a +6 short sword of holy wrath
Missiles
 m - a stone (quivered)
Armour
 c - a +0 robe (worn)
 w - a +1 pair of gloves (worn)
Magical Staves
 u - an uncursed staff of wizardry (weapon)
Jewellery
 v - a ring of ice (left hand)
Wands
 t - a wand of polymorph (5)
Scrolls
 i - 3 scrolls of remove curse
 s - a scroll of magic mapping
Potions
 a - a potion of agility
 e - 2 potions of mutation
 j - a potion of flight
 k - 2 potions of brilliance
 l - 3 potions of haste
 n - a potion of curing {unknown}
 o - a potion of lignification {unknown}
 p - a potion of degeneration {unknown}
Comestibles
 d - 5 rations


   Skills:
 + Level 0.1 Fighting
 + Level 0.2 Staves
 - Level 1.8 Dodging
 - Level 2.4 Stealth
 - Level 5.3 Spellcasting
 + Level 1.1 Transmutations
 + Level 6.5 Earth Magic


You had one spell level left.
You knew the following spells:

 Your Spells              Type           Power        Failure   Level  Hunger
a - Sandblast             Erth           ####..       1%          1    None
b - Passwall              Tmut/Erth      ###.....     1%          2    #......
c - Stone Arrow           Conj/Erth      ##....       4%          3    ###....
d - Petrify               Tmut/Erth      ###.....     12%         4    ####...
e - Lee's Rapid Deconstr  Erth           ####......   12%         5    ######.

Your spell library contained the following spells:

 Spells                   Type           Power        Failure   Level  Hunger


Dungeon Overview and Level Annotations

Branches:
Dungeon (4/15)             Temple (1/1) D:4

Altars:
Dithmenos
Elyvilon
Kikubaaqudgha
Makhleb
Nemelex Xobeh
Okawaru
Qazlal
Sif Muna
Trog
Vehumet
Xom
Yredelemnul
The Shining One

Annotations:
Temple Pikel


Innate Abilities, Weirdness & Mutations

You cannot be hasted, slowed, berserked, paralysed or teleported.
You can dig through walls and to a lower floor.
Your four strong arms can wield two-handed weapons with a shield.
You have a pair of large antennae on your head. (SInv)


Message History

Casting: Lee's Rapid Deconstruction (slightly dangerous; 12% risk of failure)
Confirm with . or Enter, or press ? or * to list all spells.
Aiming: Sandblast (safe; 1% risk of failure)
Press: ? - help, Shift-Dir - straight line, f - slave
Aim: a slave, wearing a +0 animal skin (moderately wounded)
The blast of sand hits the slave.
The slave is moderately wounded.
m - a stone The slave closely misses you.
The slave barely misses you. The slave hits you.
* * * LOW HITPOINT WARNING * * *
You hit the slave but do no damage.
The slave is moderately wounded.
The slave hits you.
* * * LOW HITPOINT WARNING * * *
You closely miss the slave.
The slave is moderately wounded.
The slave hits you!
You die...

## ##...## #.#...........,,,,,,,
##.## #.#.##...####*******, #...#
#.#.##...# *, #...# #........####
*, #...#########.....).###### *,
#####..............####......# **
#........###.###.............#
.........# #..##...#.........#***
#........###..#P@P.#.##......#*,,
#####......)..##p##..##......#*,*
#...##<..P#.p.#P....######*,*
#...####....>....##.# *,* #...#
##P#..[#P....# *,* ##.##
####p########******,, #.# #P.P#
*,,,,,,,* ######.#
##..#######,,,,,,,,
#......##########.......#,,,,,,,*


You could see 3 slaves.

Vanquished Creatures
  Sigmund (D:2)
  A slave (D:4)
  A bullfrog zombie (D:3)
  2 bullfrog skeletons (D:4)
  Terence (D:2)
  A worker ant (D:4)
  2 adders (D:3)
  2 worms
  A dart slug (D:3)
  A leopard gecko (D:3)
  5 orcs (D:3)
  4 bats
  2 giant cockroaches
  5 hobgoblins
  6 jackals
  2 quokkas
  A ball python (D:3)
  3 frilled lizards
  9 goblins
  6 kobolds
  9 rats
65 creatures vanquished.

Notes
Turn   | Place    | Note
-------+----------+-------------------------------------------
     0 | D:1      | HungryMoth the Formicid Earth Elementalist began the quest
                  | for the Orb.
     0 | D:1      | Reached XP level 1. HP: 13/13 MP: 3/3
   101 | D:1      | Reached XP level 2. HP: 19/19 MP: 3/5
   125 | D:1      | Learned a level 2 spell: Passwall
   129 | D:1      | Reached skill level 4 in Earth Magic
   412 | D:1      | Reached XP level 3. HP: 24/24 MP: 5/7
   985 | D:2      | Learned a level 3 spell: Stone Arrow
  1286 | D:2      | Noticed Sigmund
  1818 | D:3      | Reached XP level 4. HP: 30/30 MP: 0/9
  1993 | D:3      | Found a shadowy altar of Dithmenos.
  2050 | D:3      | Found a stormy altar of Qazlal.
  2133 | D:3      | Reached XP level 5. HP: 33/35 MP: 2/11
  2484 | D:2      | Learned a level 4 spell: Petrify
  2657 | D:2      | Killed Sigmund
  2657 | D:2      | Reached skill level 5 in Spellcasting
  2657 | D:2      | Reached skill level 5 in Earth Magic
  2657 | D:2      | Reached XP level 6. HP: 41/41 MP: 1/13
  2792 | D:2      | Noticed Terence
  2799 | D:2      | Killed Terence
  3018 | D:4      | Found a staircase to the Ecumenical Temple.
  3037 | Temple   | Entered the Ecumenical Temple
  3109 | Temple   | Became a worshipper of Sif Muna the Loreminder
  3239 | D:4      | Reached skill level 6 in Earth Magic
  3378 | D:4      | Reached XP level 7. HP: 13/46 MP: 1/14
  3598 | D:4      | Found a shimmering altar of Xom.
  3627 | D:4      | Learned a level 5 spell: Lee's Rapid Deconstruction
  3630 | D:4      | Noticed Pikel
  3718 | Temple   | HP: 1/46 [Pikel/+2 whip of electrocution (5)]
  3819 | D:4      | Slain by a slave

Vault maps used:
D:1:      dpeg_arrival_stonehenge_12_columns
D:2:      uniq_sigmund, uniq_terence
D:3:      grunt_dithmenos_smoke, nicolae_overflow_crystal_walls
D:4:      kennysheep_mini, minmay_temple_entry_gardened_gates, uniq_duvessa,
          uniq_pikel
Temple:   cyrus_temple_forest

Skill      XL: |  1  2  3  4  5  6 |
---------------+-------------------+-----
Earth Magic    | 4 5 6 |  6.5
Spellcasting   | 3 4 5 |  5.3
Fighting       | |  0.1
Staves         | |  0.2
Dodging        | |  1.8
Stealth        | |  2.4
Transmutations | |  1.1

Action                   |  1- 3 |  4- 6 |  7- 9 || total
-------------------------+-------+-------+-------++-------
Melee: Unarmed           |    76 |    10 |       ||    86
       Flail             |       |     3 |       ||     3
       Staff             |       |    11 |     8 ||    19
 Cast: Sandblast         |    41 |     6 |     1 ||    48
       Stone Arrow       |    11 |    29 |     4 ||    44
       Lee's Rapid Decon |       |       |     3 ||     3
       Petrify           |       |       |     3 ||     3
  Use: Scroll            |       |    12 |       ||    12
 Stab: Petrified         |       |       |     3 ||     3
  Eat: Chunk             |     4 |     7 |     1 ||    12
       Ration            |       |       |     1 ||     1
Armor: Robe              |    14 |     6 |       ||    20
Dodge: Dodged            |    51 |    19 |     9 ||    79

Table legend:
 A = Non-vault XP
 B = Vault XP
 C = Vault XP percentage of total XP
 D = Non-vault monster count
 E = Vault monster count
 F = Vault count percentage of total count
                 A         B        C        D         E       F
            +---------+---------+-------+---------+---------+-------
      Total |     292 |     263 |  47.4 |      62 |       2 |   3.1
            +---------+---------+-------+---------+---------+-------
        D:1 |      35 |       0 |   0.0 |      22 |       0 |   0.0
        D:2 |      21 |     263 |  92.6 |      11 |       2 |  15.4
        D:3 |     114 |       0 |   0.0 |      24 |       0 |   0.0
        D:4 |     122 |       0 |   0.0 |       5 |       0 |   0.0
            +---------+---------+-------+---------+---------+-------
